 Dungeon Crawl Stone Soup version 0.19.1 (webtiles) character file.

905 ImaNewbie the Carver (level 7, -8/75 HPs)
             Began as a Minotaur Gladiator on Dec 15, 2016.
             Was a Believer of Hepliaklqana.
             Mangled by an orc warrior
             ... wielding a +0 halberd
              (16 damage)
             ... on level 6 of the Dungeon.
             The game lasted 00:13:16 (5884 turns).

ImaNewbie the Carver (Minotaur Gladiator)           Turns: 5884, Time: 00:13:16

Health: -8/75      AC:  7    Str: 27    XL:     7   Next: 80%
Magic:  6/6        EV: 11    Int:  5    God:    Hepliaklqana [**....]
Gold:   298        SH:  0    Dex: 10    Spells: 0 memorised, 6 levels left

rFire  . . .     SeeInvis .     a - +0 long sword
rCold  . . .     Gourm    .     D - +0 scale mail
rNeg   . . .     Faith    .     (no shield)
rPois  .         Spirit   .     c - +0 hat
rElec  .         Reflect  .     (no cloak)
rCorr  .         Harm     .     e - +0 pair of gloves
MR     .....                    (no boots)
Stlth  ..........               z - amulet of rage
                                (no ring)
                                (no ring)

@: berserking, starving, very quick
A: retaliatory headbutt, reduced essence, horns 2
a: Recall Ancestor, Ancestor Identity, Renounce Religion, Evoke Berserk Rage


You were on level 6 of the Dungeon.
You worshipped Hepliaklqana.
Hepliaklqana was pleased with you.
You were starving.

You visited 1 branch of the dungeon, and saw 6 of its levels.

You collected 298 gold pieces.

Inventory:

Hand Weapons
 a - a +0 long sword (weapon)
Missiles
 d - 3 throwing nets (quivered)
 o - 3 poisoned needles
Armour
 c - a +0 hat (worn)
 e - a +0 pair of gloves (worn)
 D - a +0 scale mail (worn)
Jewellery
 z - an amulet of rage (around neck)
Scrolls
 h - a scroll of fog {unknown}
 i - 4 scrolls of recharging {unknown}
 j - 2 scrolls of blinking {unknown}
 k - a scroll of noise {unknown}
 l - 4 scrolls of identify {unknown}
 n - 2 scrolls of enchant armour {unknown}
 p - 4 scrolls of remove curse {unknown}
 x - a scroll of teleportation {unknown}
 y - 2 scrolls of enchant weapon {unknown}
 A - a scroll of amnesia {unknown}
Potions
 b - a potion of curing {unknown}
 g - a potion of mutation {unknown}
 r - 2 potions of resistance {unknown}
 t - a potion of lignification {unknown}
 u - a potion of invisibility {unknown}
 v - 2 potions of haste {unknown}
 w - a potion of degeneration {unknown}
 B - a potion of agility {unknown}
 C - 2 potions of might {unknown}
Comestibles
 f - 3 bread rations
 m - 5 fruits
 s - a royal jelly


   Skills:
 - Level 2.4 Fighting
 + Level 11.1 Long Blades
 - Level 2.0 Throwing
 - Level 3.2 Dodging


You had 6 spell levels left.
You didn't know any spells.

Dungeon Overview and Level Annotations

Branches:
Dungeon (6/15)             Temple (0/1) D:6

Altars:
Hepliaklqana
Okawaru
Ru
Vehumet
Xom
Yredelemnul

Shops:
D:5 %

Annotations:
D:2 exclusion: downstairs
D:3 ImaNewbie's ghost, amateur MiGl
D:6 Grinder


Innate Abilities, Weirdness & Mutations

You reflexively headbutt those who attack you in melee.
You have a pair of horns on your head.
Your life essence is reduced. (-10% HP)


Message History

Hori hits the leopard gecko with a dagger of draining.
Hori drains the leopard gecko!
The leopard gecko dies!
The ogre hits you with a giant club!!
There is a stone staircase leading up, spattered with blood here.
Okay, then.
Unknown command.
A red film seems to cover your vision as you go berserk!
You feel yourself moving faster!
You feel mighty!
You are starving!
The orc warrior hits you with a halberd!
* * * LOW HITPOINT WARNING * * *
Hori points at the orc warrior and mumbles some strange words.
The orc warrior appears confused.
Unknown command.
Unknown command.
You hit the orc warrior.
The orc warrior is lightly wounded.
The orc warrior hits you with a halberd!
You die...

#.....Oo.........#
#.5.
#.....@.[........
....
#.......R...?....
####
#.......))#.#$## .
##########..# ..
#.## .... ... ....
Z.o.# .... .....#
.O..... .......#
#.....?.#


You could see the friendly Hori the hexer, an orc warrior (confused) and an
ogre.

Vanquished Creatures
  Sigmund (D:4)
  A phantom (D:4)
  A centaur (D:5)
  Blork the orc (D:4)
  A scorpion (D:4)
  2 orc priests
  A centaur skeleton (D:5)
  2 iguanas (D:4)
  An orc wizard (D:3)
  A howler monkey zombie (D:6)
  8 gnolls
  6 adders
  An ooze (D:4)
  2 adder zombies
  5 worms
  A dart slug (D:3)
  4 leopard geckos
  9 orcs
  2 giant cockroaches (D:4)
  8 goblins
  5 hobgoblins
  9 jackals
  7 kobolds
  A quokka (D:2)
  8 bats
  4 frilled lizards
  A leopard gecko skeleton (D:5)
  6 rats
99 creatures vanquished.

Vanquished Creatures (collateral kills)
  A hound (D:5)
  A leopard gecko (D:6)
  2 orcs
  2 jackals
  A kobold (D:3)
  A ball python (D:3)
  A frilled lizard (D:4)
9 creatures vanquished.

Vanquished Creatures (others)
  4 ancestors
4 creatures vanquished.

Grand Total: 112 creatures vanquished

Notes
Turn   | Place    | Note
-------+----------+-------------------------------------------
     0 | D:1      | ImaNewbie the Minotaur Gladiator began the quest for the Orb.
     0 | D:1      | Reached XP level 1. HP: 18/18 MP: 0/0
    83 | D:1      | Reached skill level 4 in Long Blades
   125 | D:1      | Reached XP level 2. HP: 9/25 MP: 1/1
   554 | D:2      | Reached skill level 5 in Long Blades
   554 | D:2      | Reached XP level 3. HP: 17/30 MP: 2/2
  1277 | D:2      | Found a hazy altar of Hepliaklqana.
  1278 | D:2      | Found a shimmering altar of Xom.
  1278 | D:2      | Noticed a yak
  1279 | D:2      | Noticed a yak
  1279 | D:2      | Noticed a spectral ugly thing
  1415 | D:2      | Became a worshipper of Hepliaklqana the Forgotten
  1644 | D:3      | Reached XP level 4. HP: 30/33 MP: 3/3
  1649 | D:3      | Reached skill level 6 in Long Blades
  1960 | D:3      | Found an iron altar of Okawaru.
  2009 | D:3      | Noticed ImaNewbie's ghost (amateur MiGl)
  2047 | D:3      | Reached XP level 5. HP: 36/37 MP: 4/4
  2091 | D:2      | Reached skill level 7 in Long Blades
  2167 | D:3      | Found a radiant altar of Vehumet.
  2825 | D:4      | Noticed Sigmund
  2857 | D:4      | Killed Sigmund
  2857 | D:4      | Reached skill level 8 in Long Blades
  2857 | D:4      | Reached XP level 6. HP: 37/45 MP: 5/5
  2940 | D:4      | Noticed Blork the orc
  2947 | D:4      | Killed Blork the orc
  2947 | D:4      | Reached skill level 9 in Long Blades
  2979 | D:4      | Reached * piety under Hepliaklqana
  4161 | D:4      | Reached XP level 7. HP: 50/50 MP: 6/6
  4356 | D:4      | Reached skill level 10 in Long Blades
  4552 | D:5      | Entered Level 5 of the Dungeon
  4597 | D:5      | Found Kiworeaxt's Food Shoppe.
  5030 | D:5      | Found a basalt altar of Yredelemnul.
  5030 | D:5      | Found a sacrificial altar of Ru.
  5060 | D:5      | Reached ** piety under Hepliaklqana
  5062 | D:5      | Remembered your ancestor Hori as a hexer
  5616 | D:6      | Noticed Grinder
  5666 | D:6      | Found a staircase to the Ecumenical Temple.
  5681 | D:6      | Reached skill level 11 in Long Blades
  5884 | D:6      | Mangled by an orc warrior

Skill      XL: |  1  2  3  4  5  6  7 |
---------------+----------------------+-----
Long Blades    | 4 5 6 8 9 11 | 11.1
Fighting       | |  2.4
Throwing       | |  2.0
Dodging        | |  3.2

Action                   |  1- 3 |  4- 6 |  7- 9 || total
-------------------------+-------+-------+-------++-------
Melee: Long sword        |    65 |   113 |    29 ||   207
       Headbutt          |    12 |    21 |    11 ||    44
Invok: Recall Ancestor   |       |     2 |       ||     2
       Ancestor Life: He |       |       |     1 ||     1
 Abil: Evoke Berserk Rag |       |       |     1 ||     1
  Eat: Chunk             |     2 |     5 |     1 ||     8
       Meat ration       |       |     1 |       ||     1
       Pizza             |       |       |     1 ||     1
Armor: Ring mail         |    39 |    27 |       ||    66
       Leather armour    |     2 |       |       ||     2
       Scale mail        |       |       |     6 ||     6
Dodge: Dodged            |    54 |    65 |    30 ||   149
       Rpst.: Long sword |    17 |    14 |     9 ||    40
